 Dungeon Crawl Stone Soup version 0.25-a0-277-g7046ed1b37 (webtiles) character file.

Game seed: 9086095421072957525, levelgen mode: deterministic

1702 Jerej03 the Carver (level 8, -13/74 (75) HPs)
             Began as a Troll Chaos Knight on Dec 9, 2019.
             Was a Plaything of Xom.
             Mangled by Menkaure (19 damage)
             ... on level 6 of the Dungeon.
             The game lasted 00:40:27 (4774 turns).

Jerej03 the Carver (Troll Chaos Knight)             Turns: 4774, Time: 00:40:28

HP:   -13/74 (75)   AC:  7    Str: 27    XL:     8   Next: 73%
MP:   0/7           EV: 13    Int:  8    God:    Xom [.....*]
Gold: 121           SH:  0    Dex:  9    Spells: 7/7 levels left

rFire    . . .     SeeInvis .   E - +3 quarterstaff (chaos)
rCold    . . .     Gourm    +   (shield currently unavailable)
rNeg     . . .     Faith    .   (armour restricted)
rPois    .         Spirit   +   (helmet restricted)
rElec    .         Reflect  .   F - +0 cloak {+Inv}
rCorr    .         Harm     .   (gloves unavailable)
MR       .....                  (boots unavailable)
Stlth    ++........             p - amulet of guardian spirit
HPRegen  1.02/turn              t - +3 ring of evasion
MPRegen  0.10/turn              f - ring "Zantocs" {Str+4 Stlth+}

@: about to teleport
A: large, unfitting armour, claws 3, molten scales 1, fast metabolism 3,
gourmand, regeneration 2, shaggy fur 1, tough skin 3, wild magic 1, evolution 1,
MP-powered wands
a: Renounce Religion, Evoke Invisibility


You were on level 6 of the Dungeon.
You worshipped Xom.
You were Xom's teddy bear.
You were not hungry.

You visited 1 branch of the dungeon, and saw 6 of its levels.

You collected 368 gold pieces.
You spent 247 gold pieces at shops.

Inventory:

Hand Weapons
 e - a +2 vampiric long sword
 B - a +1 flail of crushing
 D - a +2 flail of holy wrath
 E - a +3 quarterstaff of chaos (weapon)
Armour
 h - a +0 large shield of reflection
 F - a +0 cloak of invisibility (worn)
Jewellery
 f - the ring "Zantocs" (right claw) {Str+4 Stlth+}
   (You found it on level 4 of the Dungeon)

   [ring of stealth]

   It affects your strength (+4).
   It makes you more stealthy.
 p - an amulet of guardian spirit (around neck)
 t - a +3 ring of evasion (left claw)
 A - an uncursed ring of wizardry
Wands
 a - a wand of iceblast (9)
 k - a wand of disintegration (18)
 n - a wand of polymorph (2)
 x - a wand of paralysis (4)
Scrolls
 c - 2 scrolls of remove curse
 i - 2 scrolls of teleportation
 m - 6 scrolls of identify
 q - a scroll of enchant armour {unknown}
 s - a scroll of immolation
Potions
 d - 3 potions of heal wounds
 g - a potion of berserk rage
 j - a potion of haste
 l - a potion of might
 o - a potion of brilliance
 C - a potion of magic {unknown}
Comestibles
 b - 5 rations


   Skills:
 - Level 3.0 Fighting
 - Level 8.2 Long Blades
 + Level 3.0 Dodging
 - Level 0.1 Stealth
 - Level 0.2 Shields
 - Level 4.6 Unarmed Combat


You had 7 spell levels left.
You didn't know any spells.
Your spell library was empty.

Dungeon Overview and Level Annotations

Branches:
Dungeon (6/15)             Temple (0/1) D:5

Altars:
Elyvilon
Fedhas
Okawaru
Wu Jian
Xom
The Shining One

Shops:
D:5 *}((%

Annotations:
D:6 Menkaure


Innate Abilities, Weirdness & Mutations

You are too large for most types of armour.
You have claws for hands.
Your metabolism is lightning-fast.
You like to eat raw meat.
You heal very quickly.
You are covered in fur. (AC +1)
You have extremely tough skin. (AC +3)
You are partially covered in molten scales. (AC +2)
Your spells are a little harder to cast, but a little more powerful.
You evolve.
You expend magic power (3 MP) to strengthen your wands.


Message History

Menkaure calls on the powers of darkness!
Your body is wracked with pain!
A shower of butterflies erupts from you!
You hit Menkaure.
Menkaure is lightly damaged.
The bullfrog skeleton hits you.
Menkaure gestures at you while chanting.
Pain shoots through your body!
You barely miss Menkaure.
Menkaure is lightly damaged.
The bullfrog skeleton closely misses you.
Menkaure hits you!!
* * * LOW HITPOINT WARNING * * *
Xom thinks this is hilarious!
As you read the scroll of teleportation, it crumbles to dust.
You feel strangely unstable.
The bullfrog skeleton closely misses you.
Menkaure hits you!!
You die...
Xom cackles wildly!

## #M# #.# #.# ##...#### # #..
#.# #.########.## # ### #.#
#>......##..# # #.....(.....# #
#.####)####.#### #
#b##.....##.... #
##b#.......#..## # ###
.##.##.b#.......#.## ...
#......@Z..b_.....# ..#
#.###.##M#.......#.# #.###
###.#.b#.......#.# #..(
...#..##.....## . #..#
......####.####.#
#..####.###.#............#
###....(..###.##.........###
.....#######...##.##<#######.##
####.######.###†#.##.##........


You could see Menkaure and a bullfrog skeleton.

Vanquished Creatures
  Edmund (D:6)
  2 sky beasts
  An ogre (D:4)
  A centaur (D:5)
  A big kobold (D:6)
  A wyvern zombie (D:6)
  2 scorpions
  A killer bee (D:6)
  2 howler monkeys
  A quasit (D:6)
  2 orc priests
  2 hounds
  An iguana (D:5)
  Ijyb (D:2)
  Natasha (D:2)
  2 worker ants
  A hound skeleton (D:5)
  7 gnolls
  7 adders
  A howler monkey skeleton (D:6)
  A white imp (D:3)
  2 oozes
  2 worms (D:2)
  A dart slug (D:2)
  3 leopard geckos
  12 orcs
  3 giant cockroaches
  15 goblins
  5 hobgoblins
  9 jackals
  11 kobolds
  4 quokkas
  3 ball pythons
  11 bats
  6 frilled lizards
  A leopard gecko skeleton (D:4)
  7 rats
134 creatures vanquished.

Vanquished Creatures (collateral kills)
  A hippogriff (D:5)
  An orc warrior (D:6)
  A necrophage (D:6)
  A scorpion (D:6)
  An orc priest (D:6)
  A worker ant (D:5)
  An orc wizard (D:6)
  2 orcs (D:6)
9 creatures vanquished.

Vanquished Creatures (others)
  An orc (D:4)
1 creature vanquished.

Grand Total: 144 creatures vanquished

Notes
Turn   | Place    | Note
-------+----------+-------------------------------------------
     0 | D:1      | Jerej03 the Troll Chaos Knight began the quest for the Orb.
     0 | D:1      | Reached XP level 1. HP: 22/22 MP: 0/0
    77 | D:1      | Reached XP level 2. HP: 29/29 MP: 1/1
   568 | D:1      | XOM: potion effect (might)
   569 | D:1      | Reached XP level 3. HP: 36/36 MP: 2/2
   664 | D:2      | Found a glowing golden altar of the Shining One.
   894 | D:2      | XOM: god gift: glowing large shield {god gift}
   920 | D:2      | Reached XP level 4. HP: 41/44 MP: 3/3
  1020 | D:2      | XOM: give mutation
  1020 | D:2      | Gained mutation: You evolve. [Xom's grace]
  1055 | D:2      | Found an iron altar of Okawaru.
  1061 | D:2      | XOM is BORED!
  1150 | D:2      | Found a white marble altar of Elyvilon.
  1156 | D:2      | Found a blossoming altar of Fedhas.
  1200 | D:2      | XOM: give mutations
  1200 | D:2      | Gained mutation: Your spells are a little harder to cast,
                  | but a little more powerful. [Xom's grace]
  1200 | D:2      | Gained mutation: You expend magic power (3 MP) to
                  | strengthen your wands. [Xom's grace]
  1200 | D:2      | Gained mutation: You heal very quickly. [Xom's grace]
  1200 | D:2      | Gained mutation: You are partially covered in molten
                  | scales. (AC +2) [Xom's grace]
  1256 | D:2      | Noticed Ijyb
  1266 | D:2      | Killed Ijyb
  1301 | D:2      | XOM: summons 3 hostile shadow creatures
  1385 | D:2      | Noticed Natasha
  1405 | D:2      | XOM: smoke on damage
  1406 | D:2      | XOM: stat loss: -1 Dex (8/9)
  1416 | D:2      | Killed Natasha
  1416 | D:2      | Reached XP level 5. HP: 38/53 MP: 2/4
  1669 | D:3      | XOM: mild Summ miscast
  1888 | D:3      | Found a glowing golden altar of the Shining One.
  2013 | D:3      | XOM: stat loss: -1 Dex (8/9)
  2059 | D:3      | XOM: summons 1 hostile demon
  2232 | D:3      | XOM: swap monsters
  2237 | D:3      | XOM: polymorph crimson imp -> white imp
  2242 | D:3      | Reached skill level 1 in Long Blades
  2537 | D:4      | Got a clouded lead ring
  2549 | D:4      | Identified the ring "Zantocs" {Str+4 Stlth+} (You found it
                  | on level 4 of the Dungeon)
  2570 | D:4      | XOM: enchant monster (good)
  2830 | D:4      | Noticed an ogre
  2846 | D:4      | XOM is BORED!
  2846 | D:4      | XOM: chaos upgrade
  2847 | D:4      | Killed an ogre
  2847 | D:4      | Reached skill level 2 in Long Blades
  2847 | D:4      | Reached XP level 6. HP: 59/61 MP: 3/5
  2886 | D:4      | Reached skill level 3 in Long Blades
  2977 | D:4      | XOM: confuse monster(s)
  3257 | D:5      | Entered Level 5 of the Dungeon
  3257 | D:5      | Found an iron altar of Okawaru.
  3313 | D:5      | Noticed a sky beast
  3315 | D:5      | Found Ucsaaz's Weapon Boutique.
  3349 | D:5      | Killed a sky beast
  3349 | D:5      | Reached skill level 4 in Long Blades
  3383 | D:5      | Found Hiacwuv's Weapon Emporium.
  3396 | D:5      | Bought a +2 vampiric long sword for 247 gold pieces
  3456 | D:5      | Found Yhuel's Food Shop.
  3505 | D:5      | Found a staircase to the Ecumenical Temple.
  3515 | D:5      | Reached XP level 7. HP: 66/67 MP: 6/6
  3539 | D:5      | Noticed a hippogriff
  3547 | D:5      | XOM: cast spell 'Summon Horrible Things'
  3548 | D:5      | Killed a hippogriff
  3583 | D:5      | Reached skill level 5 in Long Blades
  3646 | D:5      | XOM: scenery: 1 doors close
  3717 | D:5      | Found Guxiedol's General Store.
  3920 | D:5      | Found Axkal's Gadget Shop.
  3950 | D:5      | XOM: potion effect (might)
  4077 | D:6      | XOM: summons 5 friendly demons
  4080 | D:6      | Reached skill level 6 in Long Blades
  4080 | D:6      | XOM: divination: detect items
  4097 | D:6      | Found an ornate altar of the Wu Jian Council.
  4116 | D:6      | Reached XP level 8. HP: 75/75 MP: 5/7
  4225 | D:6      | Reached skill level 7 in Long Blades
  4230 | D:6      | Noticed Menkaure
  4266 | D:6      | Noticed Edmund
  4275 | D:6      | XOM: divination: detect items
  4286 | D:6      | Killed Edmund
  4294 | D:6      | XOM: enchant monster (good)
  4301 | D:6      | XOM: fog
  4381 | D:6      | Reached skill level 8 in Long Blades
  4396 | D:6      | XOM: scenery: create altars
  4534 | D:6      | Found a runed translucent door.
  4535 | D:6      | Noticed Crazy Yiuf
  4542 | D:6      | Noticed Crazy Yiuf
  4542 | D:6      | Crazy Yiuf changed into Crazy Yiuf the killer bee
  4564 | D:6      | Killed Crazy Yiuf the killer bee
  4771 | D:6      | XOM: butterfly on damage
  4774 | D:6      | Mangled by Menkaure

Levels and vault maps discovered:
D:1:      beargit_arrival_greenhouse, layout_loops_ring
D:2:      kennysheep_the_goblin_king, layout_loops_corners, lemuel_round_altar,
          amethyst_overflow_temple_binary, minmay_misc_feat_chi,
          okawaru_trees_2, uniq_natasha
D:3:      layout_loops_ring, nicolae_tso_swordbearing_angel
D:4:      layout_basic, first_ration
D:5:      layout_gridville, minmay_temple_entry_crystal_x, serial_shops, shop,
          shop, kennysheep_little_box, kennysheep_mini, shop, basic_altar
D:6:      layout_loops_ring, old_standard_altar, portal_sewer_entry_d,
          uniq_menkaure, uniq_edmund, uniq_crazy_yiuf_cottage

Skill      XL: |  1  2  3  4  5  6  7  8 |
---------------+-------------------------+-----
Dodging        | 2 3 |  3.0
Unarmed Combat | 4 |  4.6
Fighting       | 3 |  3.0
Long Blades    | 2 4 6 8 |  8.2
Stealth        | |  0.1
Shields        | |  0.2

Action                   |  1- 3 |  4- 6 |  7- 9 || total
-------------------------+-------+-------+-------++-------
Melee: Unarmed           |    91 |    89 |       ||   180
       Punch             |     1 |       |       ||     1
       Scimitar          |       |   208 |       ||   208
       Long sword        |       |    11 |   214 ||   225
       Quarterstaff      |       |       |    13 ||    13
Evoke: Wand              |       |     1 |     1 ||     2
  Use: Scroll            |     5 |     5 |     2 ||    12
       Potion            |       |    10 |       ||    10
 Stab: Sleeping          |       |     2 |       ||     2
       Confused          |       |     1 |       ||     1
       Distracted        |       |       |     1 ||     1
  Eat: Chunk             |     5 |    15 |    17 ||    37
       Ration            |     1 |     2 |       ||     3
Armor: Robe              |    50 |   130 |   116 ||   296
       Skin              |       |     2 |     6 ||     8
Dodge: Dodged            |    69 |    91 |    77 ||   237
Block: Large shield      |     2 |   234 |   158 ||   394
       Reflection        |       |     8 |     2 ||    10
       Rpst.: Scimitar   |       |    19 |       ||    19
       Long sword        |       |     1 |    19 ||    20

Table legend:
 A = Non-vault XP
 B = Vault XP
 C = Vault XP percentage of total XP
 D = Non-vault monster count
 E = Vault monster count
 F = Vault count percentage of total count
                 A         B        C        D         E       F
            +---------+---------+-------+---------+---------+-------
      Total |    2124 |     308 |  12.7 |     134 |      10 |   6.9
            +---------+---------+-------+---------+---------+-------
        D:1 |      42 |       0 |   0.0 |      22 |       0 |   0.0
        D:2 |      87 |      83 |  48.8 |      23 |       8 |  25.8
        D:3 |      78 |       0 |   0.0 |      24 |       0 |   0.0
        D:4 |     304 |       0 |   0.0 |      16 |       0 |   0.0
        D:5 |     706 |       0 |   0.0 |      17 |       0 |   0.0
        D:6 |     907 |     225 |  19.9 |      32 |       2 |   5.9
            +---------+---------+-------+---------+---------+-------
